 Dungeon Crawl Stone Soup version 0.31-a0-986-g5e6e4ef867 (webtiles) character file.

Game seed: 8581507084750490114

16141 AppTheSpectato the Convoker (level 12, -1/85 HPs)
             Began as a Tengu Summoner on Nov 14, 2023.
             Was a High Priest of Hepliaklqana.
             Slain by a naga simulacrum (5 damage)
             ... in an ice cave.
             The game lasted 01:02:34 (13163 turns).

AppTheSpectato the Convoker (Tengu Summoner)       Turns: 13163, Time: 01:02:34

Health: -1/85      AC: 26    Str:  9    XL:     12   Next: 34%
Magic:  36/36      EV: -1    Int: 25    God:    Hepliaklqana [*****.]
Gold:   317        SH:  0    Dex: 16    Spells: 15/31 levels left

rFire   + . .        m - +2 spear (flame)
rCold   + . .        (no shield)
rNeg    . . .        Q - melded +0 steam dragon scales
rPois   +            (helmet currently unavailable)
rElec   +            K - melded +0 cloak
rCorr   +            (gloves currently unavailable)
SInv    .            (boots unavailable)
Will    .....        (no amulet)
Stlth   ++           H - +6 ring of intelligence
HPRegen 0.34/turn    q - ring of magical power
MPRegen 0.25/turn

%: acrobat
@: tree-form, resistant, constricted
A: stationary, stasis, torment immunity, boosted hp, reduced essence, (beak),
(talons 3), evasive flight, acrobatic
a: Renounce Religion, Recall Ancestor, Ancestor Identity, Transference, Idealise


You were in an ice cave.
You worshipped Hepliaklqana.
Hepliaklqana was extremely pleased with you.
You were a tree.
You visited 2 branches of the dungeon, and saw 13 of its levels.
You also visited: Sewer and Ice Cave.

You collected 737 gold pieces.
You spent 420 gold pieces at shops.

Inventory:

Hand Weapons
 m - a +2 spear of flaming (weapon)
 o - a +2 dagger of venom
 J - the +4 mace "Kaabal" {heavy, Contam rF+++ rC- Str+3}
   (You found it on level 7 of the Dungeon)

   Str+3:     It affects your strength (+3).
   rF+++:     It renders you almost immune to fire.
   rC-:       It makes you vulnerable to cold.
   Contam:    It causes magical contamination when unequipped.
Missiles
 c - 7 curare-tipped darts
 r - 76 stones
 z - a throwing net
Armour
 d - the +1 robe of Eternal Night {Stlth+}
   (You found it on level 2 of the Dungeon)

   Stlth+:    It makes you more stealthy.
 g - an orb of wrath
 K - a +0 cloak (melded)
 Q - +0 steam dragon scales (melded)
Jewellery
 e - a ring of poison resistance
 q - a ring of magical power (right branch)
 y - a +5 ring of evasion
 A - a +6 ring of dexterity
 H - a +6 ring of intelligence (left branch)
Wands
 a - a wand of polymorph (11)
 j - a wand of iceblast (11)
 n - a wand of flame (42)
 D - a wand of acid (4)
 I - a wand of charming (17)
 R - a wand of digging (3)
Scrolls
 f - 6 scrolls of teleportation
 k - 2 scrolls of fear {unknown}
 p - 3 scrolls of enchant armour {unknown}
 s - 5 scrolls of blinking
 v - 2 scrolls of amnesia {unknown}
 w - a scroll of revelation {unknown}
 B - a scroll of fog
 C - a scroll of enchant weapon {unknown}
 F - 2 scrolls of poison {unknown}
 G - 3 scrolls of immolation
 L - a scroll of butterflies
 N - a scroll of silence {unknown}
Potions
 b - 2 potions of magic
 h - a potion of brilliance
 i - 2 potions of haste
 l - a potion of degeneration
 t - 3 potions of enlightenment
 u - 2 potions of might
 x - a potion of attraction {unknown}
 O - a potion of curing
 P - a potion of berserk rage {unknown}


   Skills:
 - Level 3.0 Fighting
 - Level 3.0 Dodging
 - Level 2.0 Stealth
 - Level 10.0 Spellcasting
 + Level 18.6 Summonings
 - Level 4.0 Translocations


You had 15 spell levels left.
You knew the following spells:

 Your Spells              Type           Power      Damage    Failure   Level
a - Summon Small Mammal   Summ           100%       N/A       0%          1
b - Call Canine Familiar  Summ           82%        N/A       0%          3
c - Summon Forest         Summ/Tloc      31%        N/A       1%          5
d - Summon Hydra          Summ           41%        N/A       1%          7

Your spell library contained the following spells:

 Spells                   Type           Power      Damage    Failure   Level
 Call Imp                 Summ           100%       N/A       0%          2
 Blink                    Tloc           64%        N/A       1%          2
 Summon Guardian Golem    Hex/Summ       56%        N/A       1%          3
 Summon Lightning Spire   Summ/Air       56%        N/A       1%          4
 Sublimation of Blood     Necr           12%        N/A       8%          2
 Manifold Assault         Tloc           32%        N/A       10%         4
 Ignite Poison            Fire/Tmut/Pois 12%        N/A       14%         3
 Ozocubu's Armour         Ice            12%        N/A       14%         3
 Petrify                  Tmut/Erth      12%        N/A       43%         4
 Sticky Flame             Conj/Fire      12%        2d4       43%         4
 Irradiate                Conj/Tmut      6%         3d13      80%         5
 Metabolic Englaciation   Hex/Ice        6%         N/A       80%         5
 Eringya's Noxious Bog    Tmut/Pois      6%         4d6       100%        6
 Simulacrum               Ice/Necr       6%         N/A       100%        6
 Ignition                 Fire           6%         3d4       100%        8


Dungeon Overview and Level Annotations

Branches:
Dungeon (12/15)            Temple (1/1) D:4            Lair (0/5) D:9
  Sewer (visited)           IceCv (1/1)
    Orc: D:9-12

Altars:
Ashenzari
Cheibriados
Dithmenos
Elyvilon
Fedhas
Gozag
Hepliaklqana
Kikubaaqudgha
Makhleb
Nemelex Xobeh
Okawaru
Qazlal
Ru
Sif Muna
Trog
Uskayaw
Vehumet
Wu Jian
Xom
Yredelemnul
Zin
The Shining One

Shops:
D:3 (:   D:4 (   D:5 (   D:6 *   D:7 [*?   D:11 [

Annotations:
D:4 3 runed translucent doors, Cadnt's ghost, amateur KoBr


Innate Abilities, Weirdness & Mutations

You are a tree.
Your roots penetrate the ground, keeping you stationary.
You cannot be teleported.
You are immune to unholy pain and torment.
Your maximum health is greatly increased.
Your equipment is partially melded.
Your life essence is reduced to manifest your ancestor. (-10% HP)
((You have a beak for a mouth.))
((You have claws for feet.))
Your magical flight helps you evade attacks. (EV +4)
You can magically evade attacks while moving or waiting.


Message History

You are engulfed in freezing vapours.
You start resting.
Illuratum emerges from the mists of memory!
You start resting.
Magic restored.
You start resting.
HP restored.
You swap places.
You swap places.
You swap places.
You are engulfed in freezing vapours.
Illuratum is engulfed in freezing vapours. 2 ufetubi, a white imp and 5 simulacra come into view.
You are engulfed in freezing vapours.
* * * LOW HITPOINT WARNING * * *
The naga simulacrum hits you.
* * * LOW HITPOINT WARNING * * *
The naga simulacrum freezes you.
* * * LOW HITPOINT WARNING * * *
The naga simulacrum barely misses you.
The white imp shouts!
The naga simulacrum attacks as it pursues you!
The naga simulacrum misses you.
The naga simulacrum completely misses you.
Illuratum hits the naga simulacrum with a +0 flail.
Okay, then.
You turn into a tree.
Your +0 cloak melds into your body.
Your +0 steam dragon scales melds into your body.
Your roots penetrate the ground.
The two-headed ogre simulacrum hits you but does no damage. x2
You feel protected.
The ufetubus shouts!
The naga simulacrum hits you but does no damage.
The naga simulacrum grabs you. The naga simulacrum constricts you.
Illuratum is engulfed in freezing vapours.
Illuratum hits the naga simulacrum with a +0 flail.
You feel better. The naga simulacrum hits you!
* * * LOW HITPOINT WARNING * * *
The naga simulacrum freezes you. You resist.
You die...

##. #... ###.... #.
##...Z5# ##### #..#
##5....# ##.#.#
#...#ZZZ5# ####.....
#..♣Z#######§§.....#
#####R☼##...☼§§..###
#§#§○☼§§§§○.##
####○.§○☼○###
###☼#..# ######


You could see the friendly Illuratum the knight, a white imp, a wolf simulacrum,
a death yak simulacrum, a spriggan simulacrum, a naga simulacrum (ally target),
a two-headed ogre simulacrum and 2 ufetubi.

Vanquished Creatures
  A water moccasin (D:6)
  An ice beast (D:5)
  A centaur (D:5)
  A bullfrog (D:8)
  A killer bee (D:7)
  A hound (D:5)
  3 gnolls
  7 adders
  A river rat (D:5)
  A dart slug (D:1)
  7 orcs
  3 ball pythons
  A bat (D:3)
  An endoplasm (D:4)
  A giant cockroach (D:4)
  4 goblins
  A jackal (D:2)
  5 quokkas
  A frilled lizard (D:3)
  A kobold (D:4)
  5 rats
48 creatures vanquished.

Vanquished Creatures (collateral kills)
  3 two-headed ogres
  Pikel (D:7)
  A manticore (D:11)
  4 cyclopes
  Joseph (D:9)
  A gargoyle (D:12)
  Jeremiah (D:7)
  2 trolls
  2 shadows
  A wraith (D:9)
  15 yaks
  A vampire (D:9)
  A wyvern (D:6)
  2 basilisks
  3 steam dragons
  4 vampire mosquitoes (D:12)
  Edmund (D:5)
  3 acid dragons
  5 water moccasins
  4 orc warriors
  4 black bears
  3 sky beasts (D:11)
  3 wolves (D:9)
  2 ogres
  5 centaurs
  A kobold brigand (D:6)
  2 bullfrogs
  6 scorpions
  2 gnoll sergeants
  2 two-headed ogre simulacra (IceCv)
  A wight (D:6)
  16 killer bees
  An elephant simulacrum (IceCv)
  7 howler monkeys
  2 electric eels (D:9)
  4 jellies
  8 hounds
  4 orc priests
  Crazy Yiuf (D:7)
  A gnoll bouda (D:6)
  3 iguanas
  4 troll simulacra (IceCv)
  12 orc wizards
  A spriggan simulacrum (IceCv)
  Robin (D:3)
  17 gnolls
  11 adders
  A naga simulacrum (IceCv)
  2 river rats (Sewer)
  4 white imps
  4 ufetubi (IceCv)
  6 dart slugs
  37 orcs
  4 bats
  3 endoplasms
  7 giant cockroaches
  15 goblins
  8 hobgoblins
  A jackal (D:2)
  11 ball pythons
  4 frilled lizards
  4 kobolds
  11 rats
302 creatures vanquished.

Vanquished Creatures (others)
  A knight (IceCv)
  An orc wizard (D:9)
  4 ancestors
  2 ufetubi (IceCv)
  A quokka (D:1)
  3 snaplasher vines
12 creatures vanquished.

Grand Total: 362 creatures vanquished

Notes
Turn   | Place    | Note
-------+----------+-------------------------------------------
     0 | D:1      | AppTheSpectato the Tengu Summoner began the quest for the
                  | Orb.
     0 | D:1      | Reached XP level 1. HP: 10/10 MP: 4/4
   220 | D:1      | Reached skill level 5 in Summonings
   261 | D:1      | Reached XP level 2. HP: 10/15 MP: 3/6
   662 | D:1      | Reached XP level 3. HP: 19/19 MP: 4/7
  1071 | D:1      | Learned a level 3 spell: Call Canine Familiar
  1122 | D:2      | Identified the +1 robe of Eternal Night {Stlth+}
  1263 | D:2      | Reached XP level 4. HP: 24/24 MP: 7/9
  1643 | D:2      | Reached skill level 6 in Summonings
  1899 | D:3      | Noticed Robin
  1908 | D:3      | Reached XP level 5. HP: 26/28 MP: 11/11
  1913 | D:3      | Found Reasyo's Book Shoppe.
  2575 | D:3      | Found Dyluun's Weapon Shoppe.
  2692 | D:3      | Killed Robin
  2905 | D:4      | Found Ofyofeh's Weapon Boutique.
  3071 | D:4      | Noticed a kobold brigand
  3071 | D:4      | Noticed Cadnt's ghost (amateur KoBr)
  3071 | D:4      | Found a runed translucent gate.
  3071 | D:4      | Found a runed translucent gate.
  3071 | D:4      | Found a runed translucent gate.
  3219 | D:4      | Found a staircase to the Ecumenical Temple.
  3230 | Temple   | Entered the Ecumenical Temple
  3286 | Temple   | Became a worshipper of Hepliaklqana the Forgotten
  3356 | D:4      | Reached XP level 6. HP: 32/32 MP: 10/13
  3536 | D:4      | Reached skill level 7 in Summonings
  4484 | D:5      | Entered Level 5 of the Dungeon
  4507 | D:5      | Reached skill level 5 in Spellcasting
  4577 | D:5      | Found a glowing drain.
  4590 | D:5      | Gained mutation: Your magical flight helps you evade
                  | attacks. (EV +4) [Tengu growth]
  4590 | D:5      | Reached XP level 7. HP: 32/36 MP: 15/15
  4595 | Sewer    | Entered a sewer
  4635 | Sewer    | Reached * piety under Hepliaklqana
  4820 | Sewer    | Reached skill level 8 in Summonings
  5148 | D:5      | Reached skill level 9 in Summonings
  5226 | D:5      | Noticed Edmund
  5326 | D:5      | Killed Edmund
  5327 | D:5      | Reached XP level 8. HP: 36/36 MP: 18/18
  5397 | D:5      | Found Diut's Weapon Boutique.
  6064 | D:6      | Noticed a two-headed ogre
  6161 | D:6      | Noticed a wyvern
  6170 | D:6      | Killed a wyvern
  6171 | D:6      | Reached skill level 10 in Summonings
  6171 | D:6      | Reached XP level 9. HP: 31/40 MP: 22/22
  6415 | D:6      | Reached skill level 1 in Translocations
  6467 | D:6      | Killed a two-headed ogre
  6649 | D:6      | Reached ** piety under Hepliaklqana
  6651 | D:6      | Remembered your ancestor Illuratum as a knight
  7036 | D:6      | Identified the +0 plate armour of Wrong Decisions {rN++
                  | Int-5}
  7055 | D:6      | Reached XP level 10. HP: 38/45 MP: 24/24
  7093 | D:6      | Found Rebuusewn's Overcharged Wands.
  7114 | D:6      | Reached skill level 10 in Spellcasting
  7232 | D:7      | Noticed Jeremiah
  7251 | D:7      | Killed Jeremiah
  7321 | D:7      | Found Neaneowk's Magic Scroll Shop.
  7344 | D:7      | Identified the +4 mace "Kaabal" {heavy, Contam rF+++ rC-
                  | Str+3}
  7363 | D:7      | Reached skill level 11 in Summonings
  7413 | D:7      | Found Fatifef's Armour Shop.
  7451 | D:7      | Noticed Pikel
  7473 | D:7      | Killed Pikel
  7474 | D:7      | Reached skill level 12 in Summonings
  7482 | D:7      | Reached skill level 1 in Fighting
  7634 | D:7      | Found Xuyg's General Store.
  7733 | D:7      | Found an opulent altar of Gozag.
  7973 | D:7      | Found a runed translucent door.
  7974 | D:7      | Noticed Crazy Yiuf
  7985 | D:7      | Killed Crazy Yiuf
  8508 | D:8      | Reached *** piety under Hepliaklqana
  9036 | D:8      | Reached skill level 13 in Summonings
  9617 | D:8      | Found a blossoming altar of Fedhas.
  9842 | D:3      | Bought a Fen Folio for 420 gold pieces
  9848 | D:3      | Learned a level 5 spell: Summon Forest
  9856 | D:3      | Learned a level 7 spell: Summon Hydra
 10029 | D:9      | Noticed Joseph
 10035 | D:9      | Killed Joseph
 10036 | D:9      | Reached XP level 11. HP: 54/54 MP: 26/26
 10075 | D:9      | Noticed a two-headed ogre
 10078 | D:9      | Killed a two-headed ogre
 10079 | D:9      | Reached skill level 14 in Summonings
 10249 | D:9      | Found a glowing silver altar of Zin.
 10404 | D:9      | Found a staircase to the Lair.
 10472 | D:9      | Reached skill level 15 in Summonings
 10582 | D:9      | Reached **** piety under Hepliaklqana
 10979 | D:10     | Entered Level 10 of the Dungeon
 11312 | D:10     | Noticed a cyclops
 11329 | D:10     | Killed a cyclops
 11665 | D:11     | Noticed a cyclops
 11671 | D:11     | Killed a cyclops
 11672 | D:11     | Reached skill level 16 in Summonings
 11804 | D:11     | Noticed a two-headed ogre
 11811 | D:11     | Killed a two-headed ogre
 11985 | D:11     | Noticed a cyclops
 11991 | D:11     | Killed a cyclops
 11992 | D:11     | Reached skill level 17 in Summonings
 12204 | D:11     | Noticed a manticore
 12219 | D:11     | Killed a manticore
 12310 | D:11     | Noticed a cyclops
 12319 | D:11     | Reached XP level 12. HP: 57/57 MP: 22/27
 12335 | D:11     | Reached ***** piety under Hepliaklqana
 12386 | D:11     | Reached skill level 18 in Summonings
 12515 | D:11     | Found Zeharet's Armour Emporium.
 12769 | D:12     | Found a frozen archway.
 12847 | IceCv    | Entered an ice cave
 13159 | IceCv    | HP: 1/57 [naga simulacrum (6)]
 13163 | IceCv    | Slain by a naga simulacrum

Illustrated notes

Levels and vault maps discovered:
D:1:      dpeg_arrival_circle_labyrinth_c, layout_basic, minmay_octomino_e4
D:2:      layout_basic
D:3:      layout_rooms, serial_shops, nicolae_shop_bloodbath_and_beyond,
          nicolae_shop_gibbet_a_chance, minmay_misc_feat_cross, uniq_robin
D:4:      layout_basic, minmay_temple_entry_purple_smoke,
          gammafunk_ghost_nasty_kobolds, serial_shops, shop, chequers_big_river
D:5:      layout_loops_cross, portal_sewer_entry_e, serial_shops, shop,
          nrook_uturn, guppyfry_early_lair_pool, uniq_edmund
D:6:      hangedman_cross_stitches, layout_cave_pods, mrwooster_statue_mirror,
          nicolae_shop_overcharged_wands
D:7:      layout_basic, grunt_gozag_breadcrumbs, serial_shops,
          nicolae_shop_temple_entry_statues_fountains, shop, shop_fountains,
          uniq_pikel, uniq_crazy_yiuf_cottage, uniq_jeremiah
D:8:      layout_layer_cave, lemuel_round_altar
D:9:      layout_gridville, mainiacjoe_overflow_tiny_flanked, erik_lair_island,
          minmay_misc_feat_ornament, minmay_misc_feat_rows,
          lemuel_flamethrower_2, uniq_joseph
D:10:     layout_basic
D:11:     layout_irregular_city, serial_shops, nicolae_shop_back_alley_shop,
          hangedman_misty_isle
D:12:     layout_small_grid, erik_orc_4, portal_ice_cave_entry_pillars_1,
          chequers_serial_rivers_small_b, nemelex_diamond_rough_becter,
          uniq_fannar
Temple:   compressed_dpeg_triangle_lava_temple
IceCv:    ice_cave_caverns_01

Skill      XL: |  1  2  3  4  5  6  7  8  9 10 11 12 |
---------------+-------------------------------------+-----
Summonings     | 5 6 7 9 10 13 17 18 | 18.6
Spellcasting   | 3 4 5 6 8 9 10 | 10.0
Translocations | 4 |  4.0
Fighting       | 3 |  3.0
Dodging        | 3 |  3.0
Stealth        | |  2.0

Action                     |  1- 3 |  4- 6 |  7- 9 | 10-12 || total
---------------------------+-------+-------+-------+-------++-------
  Melee: Unarmed           |     5 |       |       |       ||     5
         Peck              |     2 |     7 |     3 |       ||    12
         Kick              |     2 |    18 |    10 |     1 ||    31
         Short sword       |     3 |    40 |       |       ||    43
         Dagger            |     3 |     1 |       |       ||     4
         Spear             |       |    64 |    45 |    20 ||   129
   Cast: Summon Small Mamm |    40 |    60 |       |     7 ||   107
         Call Canine Famil |       |    20 |    56 |    59 ||   135
         Summon Forest     |       |       |       |    22 ||    22
         Summon Hydra      |       |       |       |     9 ||     9
 Invoke: Ancestor Identity |       |       |     2 |       ||     2
         Ancestor Life: Kn |       |       |     1 |       ||     1
         Recall Ancestor   |       |       |       |     5 ||     5
  Evoke: Wand              |       |       |       |     1 ||     1
    Use: Scroll            |     1 |     3 |     4 |     4 ||    12
         Potion            |       |     1 |       |     6 ||     7
   Stab: Distracted        |     1 |     1 |     1 |       ||     3
         Sleeping          |       |     5 |     2 |       ||     7
 Armour: Robe              |    17 |    55 |    27 |    32 ||   131
         Skin              |       |       |       |    26 ||    26
         Steam dragon scal |       |       |       |     5 ||     5
  Dodge: Dodged            |    42 |   165 |    76 |   124 ||   407

Table legend: (Time is in decaauts)
 A = Elapsed time spent in this place.
 B = Non-inter-level travel time spent in this place.
 C = Inter-level travel time spent in this place.
 D = Time resting spent in this place.
 E = Time spent auto-exploring this place.
 F = Levels seen in this place.
 G = Mean time per level.
                   A        B        C        D        E       F      G
               +--------+--------+--------+--------+--------+-----+--------+
         Total |  13199 |  12437 |    762 |    993 |   7770 |  15 |  879.9 |
       Dungeon |  12444 |  11682 |    762 |    897 |   7549 |  12 | 1037.0 |
        Temple |     66 |     66 |      0 |      0 |      0 |   1 |   66.0 |
         Sewer |    372 |    372 |      0 |      0 |    221 |   1 |  372.0 |
      Ice Cave |    315 |    315 |      0 |     96 |      0 |   1 |  315.0 |
               +--------+--------+--------+--------+--------+-----+--------+

Top non-repeatable levels by time:
     D:4: 1522 daAuts
     D:8: 1330 daAuts
     D:6: 1258 daAuts
     D:7: 1224 daAuts
     D:5: 1148 daAuts
     D:1: 1114 daAuts
     D:9: 1069 daAuts
     D:2: 1034 daAuts
    D:11: 948 daAuts
     D:3: 874 daAuts
    D:10: 685 daAuts
   Sewer: 372 daAuts
   IceCv: 315 daAuts
    D:12: 232 daAuts
  Temple: 66 daAuts
